 Dungeon Crawl Stone Soup version 0.21-a0-634-gaf8bc5d (webtiles) character file.

497 tof the Slasher (level 6, 0/48 HPs)
             Began as a Demonspawn Monk on Dec 29, 2017.
             Was a Believer of Okawaru.
             Slain by an orc wizard
             ... wielding a +0 dagger
              (2 damage)
             ... on level 4 of the Dungeon.
             The game lasted 00:07:49 (4908 turns).

tof the Slasher (Demonspawn Monk)                   Turns: 4908, Time: 00:07:50

Health: 0/48       AC:  8    Str: 11    XL:     6   Next: 93%
Magic:  8/8        EV: 11    Int: 12    God:    Okawaru [**....]
Gold:   49         SH:  0    Dex: 17    Spells: 5/5 levels left

rFire    . . .     SeeInvis .   a - +0 falchion
rCold    + . .     Gourm    .   (no shield)
rNeg     . . .     Faith    .   h - +0 ring mail {MR+}
rPois    +         Spirit   .   k - +0 helmet
rElec    .         Reflect  .   (no cloak)
rCorr    .         Harm     .   (no gloves)
MR       +....                  (no boots)
Stlth    ++........             (no amulet)
HPRegen  0.16/turn              v - ring of poison resistance
MPRegen  0.11/turn              d - ring of stealth

@: no status effects
A: claws 1, thin metallic scales 1, cold resistance 1
a: Heroism, Renounce Religion


You were on level 4 of the Dungeon.
You worshipped Okawaru.
Okawaru was pleased with you.
You were hungry.

You visited 1 branch of the dungeon, and saw 4 of its levels.

You collected 199 gold pieces.
You spent 150 gold pieces at shops.

Inventory:

Hand Weapons
 a - a +0 falchion (weapon)
Armour
 b - a +0 robe
 h - a +0 ring mail of magic resistance (worn)
 k - a +0 helmet (worn)
 u - a cursed +0 buckler
Jewellery
 d - a ring of stealth (right claw)
 i - an uncursed ring of protection from magic
 o - an uncursed ring of see invisible
 v - a ring of poison resistance (left claw)
Wands
 m - a wand of polymorph (18)
 p - a wand of iceblast (3)
Scrolls
 e - a scroll of random uselessness {unknown}
 f - 6 scrolls of identify {unknown}
 g - a scroll of remove curse {unknown}
 j - 2 scrolls of immolation {unknown}
 t - a scroll of enchant armour {unknown}
Potions
 l - a potion of mutation {unknown}
 n - a potion of lignification {unknown}
 q - a potion of heal wounds {unknown}
 r - a potion of agility {unknown}
 s - a potion of might {unknown}
Comestibles
 c - 10 rations


   Skills:
 + Level 4.2 Fighting
 * Level 4.7 Long Blades
 + Level 2.3 Throwing
 + Level 2.3 Armour
 - Level 2.6 Dodging
 - Level 1.7 Stealth
 + Level 0.8 Shields
 + Level 3.1 Invocations


You had 5 spell levels left.
You didn't know any spells.

Dungeon Overview and Level Annotations

Branches:
Dungeon (4/15)
 Temple: D:4-7

Altars:
Ashenzari
Elyvilon
Fedhas
Okawaru

Shops:
D:4 *

Annotations:
D:3 exclusion: oklob plant


Innate Abilities, Weirdness & Mutations

You have sharp fingernails.
You are partially covered in thin metallic scales. (AC +2)
Your flesh is cold resistant. (rC+)


Message History

You closely miss something.
You hear some strange, mumbled words.
A puff of flame appears from out of thin air!
The puff of flame hits you! Something hits you but does no damage.
You miss something.
Something hits you but does no damage. x2
You barely miss something. Something hits you.
* * * LOW HITPOINT WARNING * * *
You hit something. Something hits you but does no damage.
You hit something.
Something hits you but does no damage. x2
You closely miss something.
You hear some strange, mumbled words.
A puff of flame appears from out of thin air!
The puff of flame hits you!
* * * LOW HITPOINT WARNING * * *
You miss something. Something hits you but does no damage.
You hit something but do no damage.
Something hits you but does no damage. x2
You hit something. Something hits you.
* * * LOW HITPOINT WARNING * * *
You hit something. Something hits you.
You die...

##.##.##..[.#.#######
....................#
#.##................
#...............##.#
#...........###.#
#........#### .#
#.##....# # #.###.#.#
#.##@#.# #.#{#.####
#)o.....# #.######.#
..# #.# #.# #.# #.#
#. #.# # #.# #.#


You could see an orc.

Vanquished Creatures
  2 ogres (D:4)
  A scorpion (D:4)
  A howler monkey (D:4)
  A crimson imp (D:3)
  An orc priest (D:4)
  An orc wizard (D:4)
  4 gnolls
  6 adders
  2 oozes (D:1)
  2 worms
  A dart slug (D:4)
  2 leopard geckos (D:2)
  2 orcs
  9 bats
  2 giant cockroaches
  A goblin (D:1)
  2 hobgoblins (D:3)
  3 jackals
  6 kobolds
  A frilled lizard (D:1)
  5 rats
55 creatures vanquished.

Notes
Turn   | Place    | Note
-------+----------+-------------------------------------------
     0 | D:1      | tof the Demonspawn Monk began the quest for the Orb.
     0 | D:1      | Reached XP level 1. HP: 18/18 MP: 1/1
   314 | D:1      | Gained mutation: You have sharp fingernails. [demonic ancestry]
   314 | D:1      | Reached XP level 2. HP: 24/24 MP: 2/2
  1032 | D:2      | Found an iron altar of Okawaru.
  1044 | D:2      | Reached XP level 3. HP: 20/29 MP: 3/3
  1139 | D:2      | Became a worshipper of Warmaster Okawaru
  1139 | D:2      | Reached * piety under Okawaru
  1139 | D:2      | Reached ** piety under Okawaru
  1192 | D:2      | Reached skill level 1 in Armour
  1408 | D:2      | Reached skill level 1 in Throwing
  1415 | D:2      | Found a shattered altar of Ashenzari.
  1639 | D:1      | Reached skill level 1 in Invocations
  1777 | D:1      | Gained mutation: Your flesh is cold resistant. (rC+) [demonic ancestry]
  1777 | D:1      | Reached XP level 4. HP: 11/35 MP: 4/4
  3350 | D:3      | Found a blossoming altar of Fedhas.
  3361 | D:3      | Noticed an oklob plant
  3770 | D:3      | Gained mutation: You are partially covered in thin metallic scales. (AC +2) [demonic ancestry]
  3770 | D:3      | Reached XP level 5. HP: 30/41 MP: 6/6
  3872 | D:3      | Found a white marble altar of Elyvilon.
  4358 | D:4      | Noticed an ogre
  4367 | D:4      | Killed an ogre
  4455 | D:4      | Reached XP level 6. HP: 42/48 MP: 7/7
  4783 | D:4      | Found Zaetota's Assorted Antiques.
  4787 | D:4      | Bought a tourmaline ring for 150 gold pieces
  4907 | D:4      | HP: 2/48 [something (1)]
  4908 | D:4      | Slain by an orc wizard

Vault maps used:
D:1:      scummos_arrival_checkerplants
D:2:      okawaru_ov_weapons_minmay, ashenzari_altar_1
D:3:      tgw_fedhas, elyvilon_altar_5, first_ration
D:4:      lemuel_coloured_pillars_altar, serial_shops, shop

Skill      XL: |  1  2  3  4  5  6 |
---------------+-------------------+-----
Long Blades    | 3 4 |  4.7
Armour         | 1 2 |  2.3
Throwing       | 1 2 |  2.3
Invocations    | 1 2 3 |  3.1
Fighting       | 4 |  4.2
Dodging        | |  2.6
Stealth        | |  1.7
Shields        | |  0.8

Action                   |  1- 3 |  4- 6 || total
-------------------------+-------+-------++-------
Melee: Falchion          |    89 |   212 ||   301
       Punch             |       |     1 ||     1
Invok: Heroism           |       |     3 ||     3
 Stab: Sleeping          |     2 |     3 ||     5
  Eat: Chunk             |     2 |     7 ||     9
       Ration            |       |     1 ||     1
Armor: Robe              |     1 |       ||     1
       Ring mail         |    41 |    83 ||   124
Dodge: Dodged            |    78 |   104 ||   182
       Rpst.: Falchion   |    30 |    39 ||    69

Table legend:
 A = Spawn XP
 B = Non-spawn XP
 C = Spawn XP percentage of total XP
 D = Spawn monster count
 E = Non-spawn monster count
 F = Spawn count percentage of total count
 G = Total turns spent on level
                    A         B        C        D         E        F      G
               +---------+---------+-------+---------+---------+-------+---------
         Total |       0 |     711 |   0.0 |       0 |      55 |   0.0 |  4908
               +---------+---------+-------+---------+---------+-------+---------
           D:1 |       0 |      60 |   0.0 |       0 |      15 |   0.0 |  1353
           D:2 |       0 |      89 |   0.0 |       0 |      15 |   0.0 |  1673
           D:3 |       0 |      98 |   0.0 |       0 |      16 |   0.0 |  1299
           D:4 |       0 |     464 |   0.0 |       0 |       9 |   0.0 |   583
               +---------+---------+-------+---------+---------+-------+---------
